 Dungeon Crawl Stone Soup version 0.31.0-12-g77e489cdc1 (webtiles) character file.

Game seed: 7403818212957837747

25 lordive the Changeling (level 3, -2/23 HPs)
             Began as an Octopode Shapeshifter on Feb 29, 2024.
             Killed from afar by Ijyb (20 damage)
             ... with a bolt of acid
             ... on level 3 of the Dungeon.
             The game lasted 00:01:09 (1040 turns).

lordive the Changeling (Octopode Shapeshifter)      Turns: 1040, Time: 00:01:10

Health: -2/23      AC:  1    Str: 13    XL:     3   Next: 6%
Magic:  3/3        EV: 13    Int: 12    God:
Gold:   71         SH:  0    Dex: 13    Spells: 2/2 levels left

rFire   . .          .
                       - Unarmed
rCold   . . .        (no shield)
rNeg    . . .        (helmet currently unavailable)
rPois   .            (no amulet)
rElec   .            (no ring)
rCorr   .            (no ring)
SInv    .            (no ring)
Will    .....        (no ring)
Stlth   ++           (no ring)
HPRegen 0.23/turn    (no ring)
MPRegen 0.08/turn    (no ring)
                     (no ring)

%: no passive effects
@: beast-form
A: beast (slay +2), almost no armour, amphibious, 8 rings, camouflage 1,
gelatinous body 1, (nimble swimmer 1), tentacles
a: Begin Untransformation


You were on level 3 of the Dungeon.
You were a hulking beast.
You visited 1 branch of the dungeon, and saw 3 of its levels.

You collected 71 gold pieces.

Inventory:

Talismans
 b - a beast talisman
 c - a flux talisman
Scrolls
 e - a scroll of immolation {unknown}
 f - 2 scrolls of identify {unknown}
 h - a scroll of fog {unknown}
 j - 2 scrolls of silence {unknown}
Potions
 a - a potion of lignification
 d - a potion of mutation {unknown}
 g - a potion of attraction {unknown}
 i - 3 potions of degeneration {unknown}


   Skills:
 + Level 1.0 Fighting
 + Level 2.1 Dodging
 + Level 3.4 Unarmed Combat
 * Level 3.5 Shapeshifting


You had 2 spell levels left.
You didn't know any spells.
Your spell library was empty.

Dungeon Overview and Level Annotations

Branches:
Dungeon (3/15)

Altars:

Annotations:
D:3 Ijyb, Sigmund


Innate Abilities, Weirdness & Mutations

You are a hulking beast.
Your limbs bulge with bestial killing power. (Slay +2)
You cannot wear most types of armour.
You are amphibious.
You can wear up to eight rings at the same time.
Your skin changes colour to match your surroundings (Stealth+).
Your rubbery body absorbs attacks. (AC +1, EV +1)
((You are camouflaged when in or above water. (Stealth+)))
You have tentacles for arms and can constrict up to eight enemies at once.


Message History

There is an open door here.
A frilled lizard comes into view.
A frilled lizard is nearby!
A frilled lizard is nearby!
A frilled lizard is nearby!
A frilled lizard is nearby!
A frilled lizard is nearby!
Unknown command.
The frilled lizard bites you.
You closely miss the frilled lizard. You grab the frilled lizard.
You constrict the frilled lizard.
The frilled lizard completely misses you.
You barely miss the frilled lizard.
The frilled lizard is heavily wounded.
You constrict the frilled lizard.
You kill the frilled lizard!
No target in view!
No target in view!
Found a stone staircase leading up.
Sigmund the Dreaded comes into view.
He is wielding a +0 scythe and wearing a +2 robe of willpower.
Sigmund is nearby!
Sigmund is nearby!
Sigmund is nearby!
Sigmund is nearby!
Sigmund is nearby!
Ijyb the Twisted Goblin comes into view.
She is wielding a +0 club and carrying a wand of acid.
Sigmund hits you with a +0 scythe.
You bludgeon Sigmund! Your grab misses Sigmund. Your squeeze misses Sigmund.
Sigmund is moderately wounded.
Sigmund closely misses you.
You barely miss Sigmund. You grab Sigmund.
Sigmund is moderately wounded.
You constrict Sigmund. You tentacle-slap Sigmund.
Sigmund is heavily wounded.
You constrict Sigmund.
Ijyb shouts!
Sigmund barely misses you.
Ijyb zaps a wand.
The bolt of acid hits you!!
Ouch! That really hurt!
You die...

#... .. #... .. #
#...#.##.# ......#.#
....... ..+... ....#
....#.#.##@..# #
......#.#.h..#.#..
........#..#......
........#....#g#.#
#+#....#.....<#...
######.#.#...........# .
.......)...............#
....##..<..##.######...#
....#..................#
.......)....#.######.#.#


You could see Sigmund and Ijyb.

Vanquished Creatures
  An orc (D:3)
  2 ball pythons
  3 goblins
  4 hobgoblins
  2 jackals (D:1)
  A quokka (D:1)
  4 frilled lizards
  2 kobolds
  4 rats
23 creatures vanquished.

Notes
Turn   | Place    | Note
-------+----------+-------------------------------------------
     0 | D:1      | lordive the Octopode Shapeshifter began the quest for the
                  | Orb.
     0 | D:1      | Reached XP level 1. HP: 13/13 MP: 1/1
    30 | D:1      | Noticed a shining eye
    32 | D:1      | Found a faded altar of an unknown god.
    33 | D:1      | Noticed a shining eye
    33 | D:1      | Noticed a glass eye
    33 | D:1      | Noticed an eye of devastation
    66 | D:1      | Reached XP level 2. HP: 18/18 MP: 2/2
   960 | D:3      | Reached XP level 3. HP: 12/23 MP: 3/3
  1032 | D:3      | Noticed Sigmund
  1037 | D:3      | Noticed Ijyb
  1040 | D:3      | Killed from afar by Ijyb

Illustrated notes

Levels and vault maps discovered:
D:1:      zaba_arrival_water, layout_basic,
          hellmonk_ecumenical_altar_watching_god
D:2:      layout_basic, corexii_item_surrounded_by_moat, minmay_tetromino_s4,
          uniq_natasha
D:3:      layout_basic, minmay_misc_feat_chi, uniq_sigmund, uniq_ijyb

Action                     || total
---------------------------++-------
  Melee: Unarmed           ||    40
         Constrict         ||    14
         Tentacles         ||     8
   Stab: Sleeping          ||     6
 Armour: Skin              ||    11
  Dodge: Dodged            ||    19
